 Dungeon Crawl Stone Soup version 0.25.1-2-g60ff931df9 (webtiles) character file.

Game seed: 2816749413799729552

10315 Setanta the Blocker (level 11, 0/89 HPs)
             Began as a Gnoll Fighter on Oct 24, 2020.
             Was an Elder of Qazlal.
             Slain by an eight-headed hydra (6 damage)
             ... on level 1 of the Lair of Beasts.
             The game lasted 00:20:07 (9601 turns).

Setanta the Blocker (Gnoll Fighter)                 Turns: 9601, Time: 00:20:09

Health: 0/89       AC: 14    Str: 20    XL:     11   Next: 60%
Magic:  0/20       EV: 13    Int: 11    God:    Qazlal [****..]
Gold:   544        SH: 18    Dex: 20    Spells: 22/22 levels left

rFire    . . .     SeeInvis .   s - +11 spear "Gac Ymn" {vorpal, rElec}
rCold    . . .     Gourm    .   c - +0 kite shield
rNeg     . . .     Faith    .   b - +1 scale mail
rPois    +         Spirit   +   (no helmet)
rElec    +         Reflect  .   t - +0 cloak
rCorr    .         Harm     .   (no gloves)
MR       .....     Rnd*Tele +   g - +2 pair of boots {run}
Stlth    ++........             p - amulet of guardian spirit
HPRegen  0.24/turn              E - ring of stealth
MPRegen  0.17/turn              (no ring)

@: about to teleport, repel missiles, quick
A: distributed training, fangs 1, agile 2, poison resistance, teleportitis 1,
strong nose
a: Upheaval, Elemental Force, Renounce Religion


You were on level 1 of the Lair of Beasts.
You worshipped Qazlal.
Qazlal was greatly pleased with you.
You were hungry.

You visited 3 branches of the dungeon, and saw 12 of its levels.
You also visited: Sewer.

You collected 544 gold pieces.

Inventory:

Hand Weapons
 a - a +1 war axe
 j - a +2 war axe of venom
 s - the +11 spear "Gac Ymn" (weapon) {vorpal, rElec}
   (You found it on level 5 of the Dungeon)

   It inflicts extra damage upon your enemies.
   It insulates you from electricity.
 G - a +2 whip of freezing
Missiles
 r - 5 throwing nets (quivered)
Armour
 b - a +1 scale mail (worn)
 c - a +0 kite shield (worn)
 g - a +2 pair of boots of running (worn)
 t - a +0 cloak (worn)
Jewellery
 k - an uncursed ring of ice
 p - an amulet of guardian spirit (around neck)
 E - a ring of stealth (left hand)
Wands
 v - a wand of disintegration (24)
 y - a wand of clouds (5)
Scrolls
 e - a scroll of fear
 i - 2 scrolls of teleportation
 n - 2 scrolls of remove curse
 C - 2 scrolls of identify
 F - 2 scrolls of magic mapping
Potions
 d - 3 potions of might
 l - 2 potions of cancellation {unknown}
 m - a potion of ambrosia {unknown}
 o - 4 potions of curing
 q - a potion of magic {unknown}
 u - 3 potions of heal wounds
 w - a potion of flight
 z - a potion of invisibility {unknown}
Comestibles
 f - 17 rations


   Skills:
 + Level 9.2 Fighting
 + Level 6.3 Short Blades
 + Level 6.3 Long Blades
 + Level 7.9 Axes
 + Level 6.3 Maces & Flails
 + Level 6.3 Polearms
 + Level 6.3 Staves
 + Level 6.3 Slings
 + Level 6.3 Bows
 + Level 6.3 Crossbows
 + Level 6.3 Throwing
 + Level 9.2 Armour
 + Level 6.3 Dodging
 + Level 6.3 Stealth
 + Level 9.2 Shields
 + Level 6.3 Unarmed Combat
 + Level 6.3 Spellcasting
 + Level 5.2 Conjurations
 + Level 5.2 Hexes
 + Level 5.2 Charms
 + Level 5.2 Summonings
 + Level 5.2 Necromancy
 + Level 5.2 Translocations
 + Level 5.2 Transmutations
 + Level 5.2 Fire Magic
 + Level 5.2 Ice Magic
 + Level 5.2 Air Magic
 + Level 5.2 Earth Magic
 + Level 5.2 Poison Magic
 + Level 6.9 Invocations
 + Level 6.3 Evocations


You had 22 spell levels left.
You didn't know any spells.
Your spell library was empty.

Dungeon Overview and Level Annotations

Branches:
Dungeon (9/15)             Temple (1/1) D:4            Lair (2/6) D:9
    Orc (0/2) D:9           Sewer (visited)
  Swamp: Lair:2-4    Shoals: Lair:2-4     Snake: Lair:2-4    Spider: Lair:2-4

Altars:
Cheibriados
Dithmenos
Elyvilon
Fedhas
Gozag
Hepliaklqana
Kikubaaqudgha
Makhleb
Nemelex Xobeh
Okawaru
Qazlal
Ru
Sif Muna
Trog
Uskayaw
Vehumet
Wu Jian
Xom
Yredelemnul
Zin
The Shining One

Shops:
D:8 (   D:9 }

Annotations:
D:7 1 transporter, Asparus's ghost, novice DEFE


Innate Abilities, Weirdness & Mutations

Your experience applies equally to all skills.
You have very sharp teeth.
Your uncanny sense of smell can sniff out nearby items.
You are very agile. (Dex +4)
Your system is resistant to poisons. (rPois)
You are occasionally teleported next to monsters.


Message History

The eight-headed hydra completely misses you.
The eight-headed hydra bites you.
* * * LOW HITPOINT WARNING * * *
You block the eight-headed hydra's attack. x2
The eight-headed hydra bites you but does no damage.
The black mamba bites you but does no damage.
As you read the scroll of teleportation, it crumbles to dust.
You feel strangely unstable. The black mamba bites you.
* * * LOW HITPOINT WARNING * * *
You block the eight-headed hydra's attack.
The eight-headed hydra completely misses you.
The eight-headed hydra closely misses you.
You block the eight-headed hydra's attack.
The eight-headed hydra bites you!
* * * LOW HITPOINT WARNING * * *
The eight-headed hydra bites you!
* * * LOW HITPOINT WARNING * * *
The eight-headed hydra bites you but does no damage.
The eight-headed hydra bites you!
You die...

##.#### ##.# #####.#####
.#..#.##########P.###P#.P.#.#.###
.................................
.................................
...........................#P####
...............[.....^.....###
###...............○........# #
#............○...........#
##............S@D○........#
#..............(○°........#
##............○°.°........#
#...##.##...P#...........##
##...#####...##............# #
#P..##.##P...#............######
#)..............................
##.......................#######
#......................## #


You could see an eight-headed hydra and a black mamba.

Vanquished Creatures
  Harold (D:7)
  A two-headed ogre (D:9)
  Pikel (D:8)
  A black mamba (Lair:2)
  4 spiny frogs
  3 hippogriffs
  2 wyverns
  8 yaks
  4 water moccasins
  3 porcupines (Lair:1)
  4 orc warriors
  A hornet zombie (D:9)
  2 ice beasts
  3 sky beasts
  4 black bears
  5 ogres
  2 centaurs
  2 crocodiles (Lair:1)
  Blork the orc (D:4)
  A big kobold (Sewer)
  8 bullfrogs
  A scorpion (D:9)
  3 killer bees (D:8)
  5 wights (D:6)
  4 howler monkeys
  4 crimson imps
  A quasit (D:9)
  A bullfrog skeleton (D:9)
  A bullfrog zombie (D:7)
  A centaur skeleton (D:5)
  4 hounds
  2 jellies
  3 orc priests
  2 orc wizards
  2 iguanas
  Natasha (twice) (D:2)
  8 worker ants
  A hound skeleton (D:7)
  A worker ant zombie (D:6)
  4 adders
  2 gnolls (D:5)
  4 river rats
  2 shadow imps (D:7)
  An ooze (Sewer)
  An adder skeleton (D:6)
  4 worms
  A dart slug (D:1)
  4 leopard geckos
  39 orcs
  7 bats
  3 bat zombies (D:6)
  4 giant cockroaches
  13 goblins
  13 hobgoblins
  4 jackals (D:8)
  16 kobolds
  2 quokkas
  5 ball pythons
  2 frilled lizards
  A jackal zombie (D:6)
  2 leopard gecko zombies
  A quokka skeleton (D:7)
  A quokka zombie (D:5)
  11 rats
  2 rat zombies (D:6)
256 creatures vanquished.

Vanquished Creatures (others)
  4 slaves (D:8)
  An orc (D:8)
  2 fungi (Lair:1)
7 creatures vanquished.

Grand Total: 263 creatures vanquished

Notes
Turn   | Place    | Note
-------+----------+-------------------------------------------
     0 | D:1      | Setanta the Gnoll Fighter began the quest for the Orb.
     0 | D:1      | Reached XP level 1. HP: 23/23 MP: 1/1
    94 | D:1      | Reached XP level 2. HP: 27/29 MP: 2/2
   457 | D:1      | Reached XP level 3. HP: 34/35 MP: 3/3
   745 | D:2      | Reached skill level 1 in Invocations
   767 | D:2      | Found a stormy altar of Qazlal.
   856 | D:2      | Became a worshipper of Qazlal Stormbringer
   934 | D:2      | Found a hide-covered altar of Uskayaw.
   946 | D:2      | Noticed a +0 dagger
   947 | D:2      | Noticed a +0 hand axe
  1061 | D:2      | Noticed Natasha
  1066 | D:2      | Killed Natasha
  1066 | D:2      | Reached skill level 1 in Short Blades
  1066 | D:2      | Reached skill level 1 in Long Blades
  1066 | D:2      | Reached skill level 1 in Maces & Flails
  1066 | D:2      | Reached skill level 1 in Polearms
  1066 | D:2      | Reached skill level 1 in Staves
  1066 | D:2      | Reached skill level 1 in Slings
  1066 | D:2      | Reached skill level 1 in Bows
  1066 | D:2      | Reached skill level 1 in Crossbows
  1066 | D:2      | Reached skill level 1 in Throwing
  1066 | D:2      | Reached skill level 1 in Dodging
  1066 | D:2      | Reached skill level 1 in Stealth
  1066 | D:2      | Reached skill level 1 in Unarmed Combat
  1066 | D:2      | Reached skill level 1 in Spellcasting
  1066 | D:2      | Reached skill level 1 in Evocations
  1066 | D:2      | Reached XP level 4. HP: 41/41 MP: 5/5
  1143 | D:2      | Noticed Natasha
  1156 | D:2      | Killed Natasha
  1156 | D:2      | Reached skill level 1 in Conjurations
  1156 | D:2      | Reached skill level 1 in Hexes
  1156 | D:2      | Reached skill level 1 in Charms
  1156 | D:2      | Reached skill level 1 in Summonings
  1156 | D:2      | Reached skill level 1 in Necromancy
  1156 | D:2      | Reached skill level 1 in Translocations
  1156 | D:2      | Reached skill level 1 in Transmutations
  1156 | D:2      | Reached skill level 1 in Fire Magic
  1156 | D:2      | Reached skill level 1 in Ice Magic
  1156 | D:2      | Reached skill level 1 in Air Magic
  1156 | D:2      | Reached skill level 1 in Earth Magic
  1156 | D:2      | Reached skill level 1 in Poison Magic
  1680 | D:3      | Found a faded altar of an unknown god.
  2005 | D:3      | Gained mutation: You are agile. (Dex +2) [potion of
                  | mutation]
  2005 | D:3      | Gained mutation: You are occasionally teleported next to
                  | monsters. [potion of mutation]
  2005 | D:3      | Gained mutation: You are very agile. (Dex +4) [potion of
                  | mutation]
  2005 | D:3      | Gained mutation: Your system is resistant to poisons.
                  | (rPois) [potion of mutation]
  2024 | D:4      | Reached XP level 5. HP: 46/47 MP: 5/7
  2233 | D:4      | Reached XP level 6. HP: 44/53 MP: 8/8
  2402 | D:4      | Reached * piety under Qazlal
  2453 | D:4      | Found a sparkling altar of Nemelex Xobeh.
  2464 | D:4      | Reached skill level 5 in Axes
  2532 | D:4      | Noticed Blork the orc
  2545 | D:4      | Killed Blork the orc
  2672 | D:4      | Found a burning altar of Makhleb.
  2720 | D:4      | Found a staircase to the Ecumenical Temple.
  2788 | Temple   | Entered the Ecumenical Temple
  3069 | D:5      | Entered Level 5 of the Dungeon
  3093 | D:5      | Noticed a wyvern
  3101 | D:5      | Killed a wyvern
  3101 | D:5      | Reached XP level 7. HP: 24/60 MP: 10/10
  3309 | D:5      | Got a bone spear
  3397 | D:5      | Reached XP level 8. HP: 57/67 MP: 10/12
  3436 | D:5      | Found a glowing drain.
  3458 | Sewer    | Entered a sewer
  3609 | Sewer    | Reached ** piety under Qazlal
  4710 | D:6      | Identified the +11 spear "Gac Ymn" {vorpal, rElec} (You
                  | found it on level 5 of the Dungeon)
  4770 | D:6      | Reached *** piety under Qazlal
  4804 | D:6      | Reached XP level 9. HP: 66/72 MP: 9/14
  4903 | D:6      | Found an ancient bone altar of Kikubaaqudgha.
  5584 | D:7      | Found a transporter.
  5585 | D:7      | Noticed Asparus's ghost (novice DEFE)
  5586 | D:7      | Identified the +6 great mace of the Dripping Oracle
                  | {freeze, rF+ Dex+4}
  5586 | D:7      | Identified the +7 great mace of Anger {drain, rElec}
  5586 | D:7      | Noticed a two-headed ogre
  5588 | D:7      | Noticed Harold
  5601 | D:7      | Killed Harold
  5619 | D:7      | Reached skill level 5 in Invocations
  5694 | D:7      | Reached XP level 10. HP: 80/80 MP: 17/17
  5728 | D:7      | Found a shimmering blue altar of Sif Muna.
  6492 | D:8      | Noticed Pikel
  6504 | D:8      | Killed Pikel
  6504 | D:8      | Reached skill level 5 in Short Blades
  6504 | D:8      | Reached skill level 5 in Long Blades
  6504 | D:8      | Reached skill level 5 in Maces & Flails
  6504 | D:8      | Reached skill level 5 in Polearms
  6504 | D:8      | Reached skill level 5 in Staves
  6504 | D:8      | Reached skill level 5 in Slings
  6504 | D:8      | Reached skill level 5 in Bows
  6504 | D:8      | Reached skill level 5 in Crossbows
  6504 | D:8      | Reached skill level 5 in Throwing
  6504 | D:8      | Reached skill level 5 in Dodging
  6504 | D:8      | Reached skill level 5 in Stealth
  6504 | D:8      | Reached skill level 5 in Unarmed Combat
  6504 | D:8      | Reached skill level 5 in Spellcasting
  6504 | D:8      | Reached skill level 5 in Evocations
  6697 | D:8      | Found an iron altar of Okawaru.
  6922 | D:8      | Found a basalt altar of Yredelemnul.
  7001 | D:8      | Found Muirigg's Weapon Shop.
  7479 | D:9      | Found a bloodstained altar of Trog.
  7524 | D:9      | Found Deach's Gadget Shop.
  7569 | D:9      | Reached **** piety under Qazlal
  7981 | D:9      | Found a staircase to the Orcish Mines.
  8018 | D:9      | Noticed a two-headed ogre
  8032 | D:9      | Killed a two-headed ogre
  8032 | D:9      | Reached XP level 11. HP: 72/87 MP: 15/19
  8170 | D:9      | Found a staircase to the Lair.
  8256 | D:9      | Found a hazy altar of Hepliaklqana.
  8366 | Lair:1   | Entered Level 1 of the Lair of Beasts
  8456 | Lair:1   | Reached skill level 5 in Conjurations
  8456 | Lair:1   | Reached skill level 5 in Hexes
  8456 | Lair:1   | Reached skill level 5 in Charms
  8456 | Lair:1   | Reached skill level 5 in Summonings
  8456 | Lair:1   | Reached skill level 5 in Necromancy
  8456 | Lair:1   | Reached skill level 5 in Translocations
  8456 | Lair:1   | Reached skill level 5 in Transmutations
  8456 | Lair:1   | Reached skill level 5 in Fire Magic
  8456 | Lair:1   | Reached skill level 5 in Ice Magic
  8456 | Lair:1   | Reached skill level 5 in Air Magic
  8456 | Lair:1   | Reached skill level 5 in Earth Magic
  8456 | Lair:1   | Reached skill level 5 in Poison Magic
  8484 | D:9      | Reached ***** piety under Qazlal
  9549 | Lair:1   | Identified a scroll of acquirement
  9551 | Lair:1   | Acquired a +1 pair of boots of running
  9591 | Lair:2   | Noticed an eight-headed hydra
  9601 | Lair:1   | Slain by an eight-headed hydra

Illustrated notes

Levels and vault maps discovered:
D:1:      psy_arrival_conway, layout_basic, minmay_tetromino_l2
D:2:      layout_basic, dancing_weapons_uskayaw, first_ration,
          grunt_qazlal_sundering, uniq_natasha
D:3:      layout_rooms, chequers_ecumenical_altar_simple_redux
D:4:      layout_basic, bloody_makhleb, old_standard_altar,
          minmay_temple_entry_slanted, uniq_blork_the_orc
D:5:      corexii_shantytown, layout_basic, cheibrodos_sewer_entry_sluice
D:6:      layout_basic, lemuel_zombie_altar_kikubaaqudgha
D:7:      layout_cave_pods, lemuel_blue_sif_altar, gammafunk_ghost_smash,
          uniq_harold
D:8:      layout_basic, okawaru_metal_pillars_1_2, yredelemnul_altar_generic,
          serial_shops, kennysheep_mini, uniq_pikel
D:9:      layout_rooms, lemuel_coloured_pillars_altar,
          nicolae_overflow_crystal_walls, lemuel_doored_altar,
          dpeg_oklobed_lair, hiddenorc1_lemuel, serial_shops, shop_statue
Temple:   minmay_temple_bridge_abc
Lair:1:   layout_small_grid
Lair:2:   layout_small_grid, ebering_ghost_reflecting_pool, beast_lair_carwin_9,
          lemuel_fruit_fields, minmay_lair_oklob_chamber, lemuel_fruit_tree,
          infiniplex_staircase_pool_2

Skill      XL: |  1  2  3  4  5  6  7  8  9 10 11 |
---------------+----------------------------------+-----
Invocations    | 1 2 3 4 5 6 |  6.9
Short Blades   | 1 2 3 4 5 6 |  6.3
Long Blades    | 1 2 3 4 5 6 |  6.3
Maces & Flails | 1 2 3 4 5 6 |  6.3
Polearms       | 1 2 3 4 5 6 |  6.3
Staves         | 1 2 3 4 5 6 |  6.3
Slings         | 1 2 3 4 5 6 |  6.3
Bows           | 1 2 3 4 5 6 |  6.3
Crossbows      | 1 2 3 4 5 6 |  6.3
Throwing       | 1 2 3 4 5 6 |  6.3
Dodging        | 1 2 3 4 5 6 |  6.3
Stealth        | 1 2 3 4 5 6 |  6.3
Unarmed Combat | 1 2 3 4 5 6 |  6.3
Spellcasting   | 1 2 3 4 5 6 |  6.3
Evocations     | 1 2 3 4 5 6 |  6.3
Conjurations   | 1 2 3 4 5 |  5.2
Hexes          | 1 2 3 4 5 |  5.2
Charms         | 1 2 3 4 5 |  5.2
Summonings     | 1 2 3 4 5 |  5.2
Necromancy     | 1 2 3 4 5 |  5.2
Translocations | 1 2 3 4 5 |  5.2
Transmutations | 1 2 3 4 5 |  5.2
Fire Magic     | 1 2 3 4 5 |  5.2
Ice Magic      | 1 2 3 4 5 |  5.2
Air Magic      | 1 2 3 4 5 |  5.2
Earth Magic    | 1 2 3 4 5 |  5.2
Poison Magic   | 1 2 3 4 5 |  5.2
Axes           | 5 6 7 |  7.9
Fighting       | 7 8 9 |  9.2
Armour         | 7 8 9 |  9.2
Shields        | 7 8 9 |  9.2

Action                   |  1- 3 |  4- 6 |  7- 9 | 10-12 || total
-------------------------+-------+-------+-------+-------++-------
Melee: War axe           |    62 |   116 |   208 |    98 ||   484
       Bite              |     7 |    18 |    54 |    47 ||   126
       Spear             |       |       |    66 |   165 ||   231
  Use: Potion            |     1 |     2 |     3 |     1 ||     7
       Scroll            |       |     9 |     4 |     5 ||    18
  Eat: Chunk             |     1 |     5 |    10 |    12 ||    28
Armor: Scale mail        |    26 |    29 |    56 |    55 ||   166
Dodge: Dodged            |    16 |    39 |    80 |    92 ||   227
Block: Kite shield       |    48 |    81 |   207 |   209 ||   545
